 Dungeon Crawl Stone Soup version 0.26.0-15-gc6cd9f700b (webtiles) character file.

Game seed: 3903271999434082089

7429 leafyfresh the Thaumaturge (level 11, -2/81 HPs)
             Began as a Gnoll Hedge Wizard on Jan 16, 2021.
             Was a High Priest of Okawaru.
             Slain by a sun demon (11 damage)
             ... summoned by an orc sorcerer
             ... on level 10 of the Dungeon.
             The game lasted 00:37:40 (11702 turns).

leafyfresh the Thaumaturge (Gnoll Hedge Wizard)    Turns: 11702, Time: 00:37:42

Health: -2/81      AC: 12    Str: 12    XL:     11   Next: 15%
Magic:  23/24      EV: 20    Int: 21    God:    Okawaru [*****.]
Gold:   916        SH:  0    Dex: 11    Spells: 13/28 levels left

rFire    . . .     SeeInvis .   E - +11 falchion "Duhamiwk" {vorpal, *Rage +Fly rN+++ Dex-3}
rCold    + . .     Faith    +   (no shield)
rNeg     + + +     Spirit   .   P - +1 ring mail of Grottiness {Stlth+}
rPois    +         Reflect  .   (helmet restricted)
rElec    .         Harm     .   n - scarf {repulsion}
rCorr    .         Rampage  .   l - +1 pair of gloves
Will     +....     Rnd*Rage +   m - +0 pair of boots
Stlth    +++++.....             H - amulet of faith
HPRegen  0.23/turn              I - ring of Etatufus {rC+ Will+}
MPRegen  0.19/turn              O - +4 ring of evasion

@: heroism, repel missiles
A: distributed training, fangs 1, horns 1, poison resistance, strong nose
a: Renounce Religion, Evoke Flight, Heroism, Finesse


You were on level 10 of the Dungeon.
You worshipped Okawaru.
Okawaru was extremely pleased with you.
You visited 2 branches of the dungeon, and saw 11 of its levels.

You collected 1161 gold pieces.
You spent 245 gold pieces at shops.

Inventory:

Hand Weapons
 i - a +5 dagger
 E - the +11 falchion "Duhamiwk" (weapon) {vorpal, *Rage +Fly rN+++ Dex-3}
   (You found it on level 4 of the Dungeon)

   It inflicts extra damage upon your enemies.
   It affects your dexterity (-3).
   It renders you almost immune to negative energy.
   It lets you fly.
   It may make you go berserk in combat.
 N - a +0 arbalest of freezing
Missiles
 o - 23 boomerangs (quivered)
 w - 56 sling bullets
 C - 329 stones
 R - 2 javelins
Armour
 b - a +0 robe
 l - a +1 pair of gloves (worn)
 m - a +0 pair of boots (worn)
 n - a scarf of repulsion (worn)
 P - the +1 ring mail of Grottiness (worn) {Stlth+}
   (You found it on level 9 of the Dungeon)

   It makes you more stealthy.
Jewellery
 z - an uncursed ring of resist corrosion
 G - a +6 ring of strength
 H - an amulet of faith (around neck)
 I - the ring of Etatufus (left hand) {rC+ Will+}
   (You found it on level 5 of the Dungeon)

   [ring of protection from cold]

   It protects you from cold.
   It affects your willpower, your defense against some magical effects.
 O - a +4 ring of evasion (right hand)
Wands
 p - a wand of polymorph (7)
 x - a wand of flame (14)
 K - a wand of paralysis (8)
Scrolls
 a - a scroll of fear
 c - 6 scrolls of teleportation
 d - 3 scrolls of magic mapping
 e - 3 scrolls of remove curse
 f - 2 scrolls of fog
 g - 5 scrolls of blinking
 j - 2 scrolls of immolation
 r - a scroll of enchant weapon
 v - 3 scrolls of enchant armour
 J - a scroll of summoning
Potions
 h - 5 potions of mutation
 k - a potion of ambrosia
 q - a potion of berserk rage
 s - 2 potions of magic
 t - 2 potions of heal wounds
 u - 4 potions of brilliance
 A - a potion of attraction
 B - 4 potions of curing
 F - a potion of invisibility
 L - a potion of flight
 M - a potion of cancellation {unknown}
 Q - 2 potions of lignification


   Skills:
 + Level 6.0(11.0) Fighting
 + Level 6.0(11.0) Short Blades
 + Level 6.0(11.0) Long Blades
 + Level 6.0(11.0) Axes
 + Level 6.0(11.0) Maces & Flails
 + Level 6.0(11.0) Polearms
 + Level 6.0(11.0) Staves
 + Level 6.0(11.0) Slings
 + Level 6.0(11.0) Bows
 + Level 6.0(11.0) Crossbows
 + Level 6.0(11.0) Throwing
 + Level 6.0(11.0) Armour
 + Level 7.6(12.6) Dodging
 + Level 7.4(12.4) Stealth
 + Level 6.0(11.0) Shields
 + Level 6.0(11.0) Unarmed Combat
 + Level 9.4 Spellcasting
 + Level 5.4 Conjurations
 + Level 5.0 Hexes
 + Level 5.4 Summonings
 + Level 5.0 Necromancy
 + Level 5.4 Translocations
 + Level 5.0 Transmutations
 + Level 5.0 Fire Magic
 + Level 5.0 Ice Magic
 + Level 5.0 Air Magic
 + Level 5.0 Earth Magic
 + Level 5.0 Poison Magic
 + Level 6.6 Invocations
 + Level 6.0 Evocations


You had 13 spell levels left.
You knew the following spells:

 Your Spells              Type           Power        Failure   Level
a - Magic Dart            Conj           100%         1%          1
b - Mephitic Cloud        Conj/Pois/Air  31%          4%          3
c - Blink                 Tloc           N/A          1%          2
d - Conjure Flame         Conj/Fire      31%          4%          3
e - Call Imp              Summ           32%          1%          2
f - Summon Lightning Spi  Summ/Air       31%          14%         4

Your spell library contained the following spells:

 Spells                   Type           Power        Failure   Level
 Foxfire                  Conj/Fire      100%         1%          1
 Summon Small Mammal      Summ           100%         1%          1
 Slow                     Hex            30%          2%          2
 Call Canine Familiar     Summ           32%          4%          3
 Inner Flame              Hex/Fire       30%          4%          3
 Summon Guardian Golem    Hex/Summ       31%          4%          3
 Sticky Flame             Conj/Fire      31%          14%         4
 Summon Ice Beast         Ice/Summ       31%          14%         4
 Fireball                 Conj/Fire      15%          38%         5


Dungeon Overview and Level Annotations

Branches:
Dungeon (10/15)            Temple (0/1) D:4            Lair (1/6) D:10
    Orc: D:9-12

Altars:
Cheibriados
Gozag
Kikubaaqudgha
Okawaru
Ru
Trog
Wu Jian

Shops:
D:5 ?(?   D:8 (

Annotations:
D:5 2 runed translucent doors, flappity's ghost, novice OpBe
D:6 3 runed translucent doors, Clumpoid's ghost, novice GnFi; qqq123's ghost, amateur GrFi


Innate Abilities, Weirdness & Mutations

Your experience applies equally to all skills.
You have very sharp teeth.
Your uncanny sense of smell can sniff out nearby items.
You have a pair of small horns on your head.
Your system is resistant to poisons. (rPois)


Message History

The orc sorcerer hits you but does no damage.
The sun demon barely misses you.
You riposte.
You closely miss the sun demon.
Unknown command.
You hit the orc sorcerer. Your bite misses the orc sorcerer.
The orc sorcerer is heavily wounded.
The orc sorcerer casts a spell at you. The bolt of fire hits you!!
Unknown command.
You hit the orc sorcerer.
You bite the orc sorcerer, but do no damage.
The orc sorcerer is heavily wounded.
The sun demon hits you!!
You are engulfed in flames!
Unknown command.
You hit the orc sorcerer but do no damage.
You bite the orc sorcerer, but do no damage.
The orc sorcerer is heavily wounded.
The sun demon hits you!!
* * * LOW HITPOINT WARNING * * *
You are engulfed in flames!
You die...

########### ##### ..........#
..... ..........###### .[...
...............#############.....
..........####.o3..........#.....
..........# ###@>########..†....
..........## #### ##<.....
#########..# #.##... ##.# ... ..
#4## ...## # #..# ..... ##o#
...... #.# ......# #.## .......#


You could see a sun demon (summoned) and an orc sorcerer.

Vanquished Creatures
  A two-headed ogre (D:9)
  A centaur zombie (D:10)
  A vampire (D:7)
  6 yaks (D:10)
  2 steam dragons (D:6)
  A water moccasin (D:6)
  Duvessa (D:7)
  3 orc warriors
  4 sky beasts
  3 ice beasts
  A black bear (D:9)
  6 ogres
  2 phantoms
  8 centaurs
  2 gnoll sergeants (D:7)
  7 bullfrogs
  8 scorpions
  Dowan (D:7)
  A water moccasin skeleton (D:10)
  7 wights (D:7)
  5 howler monkeys
  A centaur skeleton (D:9)
  3 orc priests
  A jelly (D:6)
  A bullfrog skeleton (D:5)
  7 hounds
  5 orc wizards
  Crazy Yiuf (D:2)
  Terence (D:2)
  4 iguanas
  7 worker ants
  3 hound zombies
  A hound skeleton (D:8)
  7 adders
  9 gnolls
  A howler monkey skeleton (D:5)
  A shadow imp (D:7)
  2 white imps
  2 ufetubi
  An adder zombie (D:8)
  2 adder skeletons
  3 worms
  3 dart slugs (D:1)
  7 leopard geckos
  28 orcs
  7 bats
  4 giant cockroaches
  10 goblins
  15 hobgoblins
  14 jackals
  2 quokkas (D:7)
  A ball python (D:1)
  3 frilled lizards
  7 kobolds
  A leopard gecko skeleton (D:7)
  3 quokka skeletons (D:4)
  A quokka zombie (D:6)
  10 rats
250 creatures vanquished.

Vanquished Creatures (others)
  A fungus (Lair:1)
  5 plants (Lair:1)
  5 withered plants (D:6)
11 creatures vanquished.

Grand Total: 261 creatures vanquished

Notes
Turn   | Place    | Note
-------+----------+-------------------------------------------
     0 | D:1      | leafyfresh the Gnoll Hedge Wizard began the quest for the
                  | Orb.
     0 | D:1      | Reached XP level 1. HP: 13/13 MP: 8/8
   196 | D:1      | Reached XP level 2. HP: 19/19 MP: 10/10
   612 | D:1      | Reached XP level 3. HP: 11/25 MP: 11/11
  1291 | D:2      | Reached skill level 1 in Invocations
  1478 | D:2      | Noticed Terence
  1494 | D:2      | Learned a level 3 spell: Mephitic Cloud
  1497 | D:2      | Learned a level 2 spell: Blink
  1501 | D:2      | Learned a level 3 spell: Conjure Flame
  1504 | D:2      | Learned a level 2 spell: Call Imp
  1666 | D:2      | Killed Terence
  1667 | D:2      | Reached skill level 1 in Fighting
  1667 | D:2      | Reached skill level 1 in Short Blades
  1667 | D:2      | Reached skill level 1 in Long Blades
  1667 | D:2      | Reached skill level 1 in Axes
  1667 | D:2      | Reached skill level 1 in Maces & Flails
  1667 | D:2      | Reached skill level 1 in Polearms
  1667 | D:2      | Reached skill level 1 in Staves
  1667 | D:2      | Reached skill level 1 in Slings
  1667 | D:2      | Reached skill level 1 in Bows
  1667 | D:2      | Reached skill level 1 in Crossbows
  1667 | D:2      | Reached skill level 1 in Throwing
  1667 | D:2      | Reached skill level 1 in Armour
  1667 | D:2      | Reached skill level 1 in Shields
  1667 | D:2      | Reached skill level 1 in Unarmed Combat
  1667 | D:2      | Reached skill level 1 in Evocations
  1667 | D:2      | Reached XP level 4. HP: 27/32 MP: 4/13
  1781 | D:2      | Found a runed translucent door.
  1782 | D:2      | Noticed Crazy Yiuf
  1914 | D:2      | Reached skill level 1 in Hexes
  1914 | D:2      | Reached skill level 1 in Necromancy
  1914 | D:2      | Reached skill level 1 in Transmutations
  1914 | D:2      | Reached skill level 1 in Fire Magic
  1914 | D:2      | Reached skill level 1 in Ice Magic
  1914 | D:2      | Reached skill level 1 in Air Magic
  1914 | D:2      | Reached skill level 1 in Earth Magic
  1914 | D:2      | Reached skill level 1 in Poison Magic
  2093 | D:2      | Noticed a moth of wrath
  2096 | D:2      | Found a bloodstained altar of Trog.
  2281 | D:2      | Killed Crazy Yiuf
  2282 | D:2      | Reached XP level 5. HP: 30/37 MP: 4/14
  2482 | D:2      | Found an ornate altar of the Wu Jian Council.
  3177 | D:3      | Found an iron altar of Okawaru.
  3200 | D:3      | Became a worshipper of Warmaster Okawaru
  3728 | D:4      | Noticed an ogre
  3733 | D:4      | Killed an ogre
  3734 | D:4      | Reached XP level 6. HP: 11/44 MP: 9/16
  3974 | D:4      | Reached skill level 5 in Dodging
  4016 | D:4      | Found a staircase to the Ecumenical Temple.
  4027 | D:4      | Got a scorched falchion
  4037 | D:4      | Identified the +11 falchion "Duhamiwk" {vorpal, *Rage +Fly
                  | rN+++ Dex-3} (You found it on level 4 of the Dungeon)
  4221 | D:4      | Reached * piety under Okawaru
  4225 | D:4      | Reached XP level 7. HP: 44/50 MP: 18/18
  4448 | D:4      | Found a sacrificial altar of Ru.
  5142 | D:5      | Entered Level 5 of the Dungeon
  5573 | D:5      | Reached skill level 5 in Stealth
  5674 | D:5      | Found Fakkuyn's Magic Scroll Shop.
  5915 | D:5      | Reached XP level 8. HP: 57/57 MP: 19/19
  5997 | D:5      | Reached ** piety under Okawaru
  6151 | D:5      | Got a shimmering amber ring
  6159 | D:5      | Identified the ring of Etatufus {rC+ Will+} (You found it
                  | on level 5 of the Dungeon)
  6170 | D:5      | Bought a scroll of blinking for 75 gold pieces
  6170 | D:5      | Bought a scroll of magic mapping for 35 gold pieces
  6170 | D:5      | Bought a scroll of identify for 20 gold pieces
  6170 | D:5      | Bought a scroll of identify for 20 gold pieces
  6170 | D:5      | Bought a scroll of identify for 20 gold pieces
  6170 | D:5      | Bought a scroll of enchant armour for 75 gold pieces
  6176 | D:5      | Gained mutation: You are weak. (Str -2) [potion of
                  | mutation]
  6176 | D:5      | Gained mutation: You have a pair of small horns on your
                  | head. [potion of mutation]
  6176 | D:5      | Lost mutation: You are weak. (Str -2) [potion of mutation]
  6176 | D:5      | Gained mutation: Your system is resistant to poisons.
                  | (rPois) [potion of mutation]
  6228 | D:5      | Found Hul Hodgh's Magic Scroll Shoppe.
  6242 | D:5      | Found Bier's Weapon Boutique.
  6314 | D:5      | Found an ancient bone altar of Kikubaaqudgha.
  6379 | D:5      | Found a large runed translucent door.
  6380 | D:5      | Found a large runed translucent door.
  6382 | D:5      | Noticed flappity's ghost (novice OpBe)
  6637 | D:6      | Reached skill level 8 in Spellcasting
  6680 | D:6      | Reached *** piety under Okawaru
  6681 | D:6      | Reached XP level 9. HP: 32/65 MP: 19/21
  7009 | D:6      | Found a runed translucent gate.
  7009 | D:6      | Found a runed translucent gate.
  7011 | D:6      | Found a runed translucent gate.
  7014 | D:6      | Noticed qqq123's ghost (amateur GrFi)
  7014 | D:6      | Noticed Clumpoid's ghost (novice GnFi)
  7626 | D:6      | Found an opulent altar of Gozag.
  7825 | D:7      | Reached **** piety under Okawaru
  8230 | D:7      | Reached skill level 5 in Invocations
  8625 | D:7      | Reached ***** piety under Okawaru
  8635 | D:7      | Reached XP level 10. HP: 73/73 MP: 22/22
  8751 | D:7      | Reached skill level 5 in Fighting
  8751 | D:7      | Reached skill level 5 in Short Blades
  8751 | D:7      | Reached skill level 5 in Long Blades
  8751 | D:7      | Reached skill level 5 in Axes
  8751 | D:7      | Reached skill level 5 in Maces & Flails
  8751 | D:7      | Reached skill level 5 in Polearms
  8751 | D:7      | Reached skill level 5 in Staves
  8751 | D:7      | Reached skill level 5 in Slings
  8751 | D:7      | Reached skill level 5 in Bows
  8751 | D:7      | Reached skill level 5 in Crossbows
  8751 | D:7      | Reached skill level 5 in Throwing
  8751 | D:7      | Reached skill level 5 in Armour
  8751 | D:7      | Reached skill level 5 in Shields
  8751 | D:7      | Reached skill level 5 in Unarmed Combat
  8751 | D:7      | Reached skill level 5 in Evocations
  9068 | D:7      | Noticed Dowan
  9070 | D:7      | Noticed Duvessa
  9075 | D:7      | Killed Dowan
  9084 | D:7      | Killed Duvessa
  9635 | D:8      | Reached skill level 9 in Spellcasting
  9969 | D:8      | Received a gift from Okawaru
  9978 | D:8      | Learned a level 4 spell: Summon Lightning Spire
 10098 | D:8      | Found Halun's Weapon Boutique.
 10362 | D:9      | Got an amber-encrusted ring mail
 10378 | D:9      | Identified the +1 ring mail of Grottiness {Stlth+} (You
                  | found it on level 9 of the Dungeon)
 10449 | D:9      | Noticed a two-headed ogre
 10458 | D:9      | Killed a two-headed ogre
 10459 | D:9      | Reached skill level 5 in Conjurations
 10459 | D:9      | Reached skill level 5 in Summonings
 10459 | D:9      | Reached skill level 5 in Translocations
 10541 | D:9      | Found a snail-covered altar of Cheibriados.
 11206 | D:10     | Entered Level 10 of the Dungeon
 11206 | D:10     | Noticed an orc sorcerer
 11207 | D:10     | Noticed a deep elf mage
 11213 | D:10     | Noticed an orc sorcerer
 11214 | D:10     | Noticed an ogre mage
 11301 | D:10     | Received a gift from Okawaru
 11302 | D:10     | Reached XP level 11. HP: 81/81 MP: 22/24
 11305 | D:10     | Found a staircase to the Lair.
 11383 | D:10     | Reached skill level 5 in Hexes
 11383 | D:10     | Reached skill level 5 in Necromancy
 11383 | D:10     | Reached skill level 5 in Transmutations
 11383 | D:10     | Reached skill level 5 in Fire Magic
 11383 | D:10     | Reached skill level 5 in Ice Magic
 11383 | D:10     | Reached skill level 5 in Air Magic
 11383 | D:10     | Reached skill level 5 in Earth Magic
 11383 | D:10     | Reached skill level 5 in Poison Magic
 11481 | Lair:1   | Entered Level 1 of the Lair of Beasts
 11697 | D:10     | Noticed a sun demon
 11702 | D:10     | Slain by a sun demon

Illustrated notes

Levels and vault maps discovered:
D:1:      shiori_arrival_oz, layout_loops_ring, minmay_indecisive_spiral
D:2:      layout_rooms, tgw_trog, grunt_temple_overflow_diamond,
          uniq_crazy_yiuf_cottage, uniq_terence
D:3:      layout_loops_ring, okawaru_altar_gauntlet_db
D:4:      layout_loops_ring, nicolae_ru_great_annihilating_truth,
          minmay_temple_entry_trees, glass_columns_b, minmay_puff
D:5:      layout_cave_pools, lemuel_doored_altar, serial_shops, shop,
          nicolae_shop_statue_plus, kennysheep_mini, serial_column_ruins,
          column_ruins_hut, column_ruins_hut, column_ruins_columns_corner,
          column_ruins_columns_plus, column_ruins_grid_1,
          ebering_ghost_disaster_area
D:6:      cheibrodos_steamvent, layout_cave_pools,
          nicolae_gozag_cash_rules_everything_around_me,
          gammafunk_ghost_cemetery, minmay_misc_feat_diagonals
D:7:      minmay_polygon_palace, layout_loops_ring, uniq_duvessa
D:8:      layout_loops_ring, serial_shops, shop
D:9:      layout_irregular_city, old_standard_altar
D:10:     minmay_the_grid_plus [minmay_the_grid_tri_star,
          minmay_the_grid_outer_diamond, minmay_the_grid_medium_cups,
          minmay_the_grid_all_tris, minmay_the_grid_prize_big_room],
          layout_rooms, lair_entry_dummy, minmay_orc_entry_guard_dogs,
          small_chamber_with_monster
Lair:1:   beast_lair_carwin_large_1, layout_chaotic_city,
          bh_autumn_forest_stairs, serial_bayou_lake_a, grunt_megastairs_1

Skill      XL: |  1  2  3  4  5  6  7  8  9 10 11 |
---------------+----------------------------------+-----
Conjurations   | 2 3 4 5 |  5.4
Summonings     | 2 3 4 5 |  5.4
Translocations | 2 3 4 5 |  5.4
Invocations    | 1 2 3 4 5 6 |  6.6
Fighting       | 1 2 3 4 5 6 |  6.0
Short Blades   | 1 2 3 4 5 6 |  6.0
Long Blades    | 1 2 3 4 5 6 |  6.0
Axes           | 1 2 3 4 5 6 |  6.0
Maces & Flails | 1 2 3 4 5 6 |  6.0
Polearms       | 1 2 3 4 5 6 |  6.0
Staves         | 1 2 3 4 5 6 |  6.0
Slings         | 1 2 3 4 5 6 |  6.0
Bows           | 1 2 3 4 5 6 |  6.0
Crossbows      | 1 2 3 4 5 6 |  6.0
Throwing       | 1 2 3 4 5 6 |  6.0
Armour         | 1 2 3 4 5 6 |  6.0
Shields        | 1 2 3 4 5 6 |  6.0
Unarmed Combat | 1 2 3 4 5 6 |  6.0
Evocations     | 1 2 3 4 5 6 |  6.0
Hexes          | 1 2 3 4 5 |  5.0
Necromancy     | 1 2 3 4 5 |  5.0
Transmutations | 1 2 3 4 5 |  5.0
Fire Magic     | 1 2 3 4 5 |  5.0
Ice Magic      | 1 2 3 4 5 |  5.0
Air Magic      | 1 2 3 4 5 |  5.0
Earth Magic    | 1 2 3 4 5 |  5.0
Poison Magic   | 1 2 3 4 5 |  5.0
Dodging        | 5 6 7 |  7.6
Stealth        | 5 6 7 |  7.4
Spellcasting   | 8 9 |  9.4

Action                   |  1- 3 |  4- 6 |  7- 9 | 10-12 || total
-------------------------+-------+-------+-------+-------++-------
Melee: Dagger            |    87 |   105 |       |       ||   192
       Bite              |     5 |     9 |    18 |    26 ||    58
       Punch             |     1 |     2 |     1 |     2 ||     6
       Falchion          |       |    11 |   198 |   190 ||   399
       Headbutt          |       |       |    24 |    29 ||    53
 Cast: Magic Dart        |     9 |    41 |       |    15 ||    65
       Mephitic Cloud    |     2 |     4 |     4 |     5 ||    15
       Blink             |       |     2 |       |     1 ||     3
       Summon Lightning  |       |       |       |     1 ||     1
Invok: Heroism           |       |       |       |     4 ||     4
Evoke: Wand              |       |       |     3 |       ||     3
  Use: Scroll            |       |     8 |     9 |     3 ||    20
       Potion            |       |       |     2 |       ||     2
 Stab: Sleeping          |    10 |     6 |     4 |     6 ||    26
       Distracted        |     1 |       |       |       ||     1
       Confused          |     1 |     3 |     3 |     2 ||     9
       Paralysed         |       |       |     1 |       ||     1
Armor: Robe              |    24 |    29 |     9 |       ||    62
       Scale mail        |       |       |    51 |    32 ||    83
       Ring mail         |       |       |       |    24 ||    24
Dodge: Dodged            |    72 |    65 |   126 |   119 ||   382
       Rpst.: Falchion   |       |       |    36 |    30 ||    66
